 Dungeon Crawl Stone Soup version 0.23-b1-75-g379dba2534 (webtiles) character file.

Game seed: 6227475035821370904

226 Froggeryz the Poker (level 5, -3/43 HPs)
             Began as a Demonspawn Abyssal Knight on Feb 6, 2019.
             Was a Believer of Lugonu.
             Engulfed by a cloud of steam (11 damage)
             ... on level 3 of the Dungeon.
             The game lasted 00:06:42 (3099 turns).

Froggeryz the Poker (Demonspawn Abyssal Knight)     Turns: 3099, Time: 00:06:43

Health: -3/43      AC:  3    Str: 13    XL:     5   Next: 69%
Magic:  6/6        EV: 11    Int: 15    God:    Lugonu [**....]
Gold:   48         SH:  0    Dex: 15    Spells: 4/4 levels left

rFire    . . .     SeeInvis .   a - +1 spear
rCold    + . .     Gourm    .   (no shield)
rNeg     . . .     Faith    .   b - +0 leather armour
rPois    .         Spirit   .   (no helmet)
rElec    .         Reflect  .   (no cloak)
rCorr    .         Harm     .   (no gloves)
MR       .....                  (no boots)
Stlth    +.........             (no amulet)
HPRegen  0.14/turn              (no ring)
MPRegen  0.10/turn              (no ring)

@: very slow
A: hooves 1, agile 1, clever 1, cold resistance 1, low mp 1, nightstalker 1
a: Depart the Abyss, Bend Space, Renounce Religion


You were on level 3 of the Dungeon.
You worshipped Lugonu.
Lugonu was pleased with you.
You were not hungry.

You visited 1 branch of the dungeon, and saw 3 of its levels.
You visited the Abyss 1 time.

You collected 48 gold pieces.

Inventory:

Hand Weapons
 a - a +1 spear (weapon)
Armour
 b - a +0 leather armour (worn)
Jewellery
 k - an uncursed ring of protection from magic {unknown}
Wands
 r - a wand of random effects (14)
Scrolls
 f - 2 scrolls of immolation {unknown}
 g - a scroll of noise {unknown}
 i - 2 scrolls of enchant armour {unknown}
 j - 2 scrolls of blinking {unknown}
 l - 3 scrolls of identify {unknown}
 o - 2 scrolls of remove curse {unknown}
 p - a scroll of amnesia {unknown}
 q - a scroll of teleportation {unknown}
Comestibles
 c - 5 rations


   Skills:
 + Level 4.4 Fighting
 * Level 4.6 Polearms
 - Level 1.7 Armour
 - Level 0.8 Dodging
 - Level 2.4 Invocations


You had 4 spell levels left.
You didn't know any spells.
Your spell library was empty.

Dungeon Overview and Level Annotations

Branches:
Dungeon (3/15)

Altars:


Innate Abilities, Weirdness & Mutations

You have large cloven feet.
You are slightly more attuned to the shadows.
You are agile. (Dex +2)
Your mind is acute. (Int +2)
Your flesh is cold resistant. (rC+)
Your magical capacity is low. (-10% MP)


Message History

The river rat misses you.
Your unstable footing causes you to fumble your attack.
Your unstable footing causes you to fumble your attack.
The river rat bites you.
Evoke which item? (* to show all) (? for menu, Esc to quit)
Aiming: Random Effects
Press: ? - help, Shift-Dir - straight line, f/p - river rat
Aim: a river rat (confused)
The fireball explodes!
The fireball engulfs the river rat.
The river rat is heavily wounded.
The fireball engulfs you!
The fireball engulfs the river rat.
You kill the river rat!
Lugonu accepts your kill.
You are engulfed in a cloud of scalding steam.
* * * LOW HITPOINT WARNING * * *
The river rat is engulfed in a cloud of scalding steam.
Unknown command.
Your unstable footing causes you to fumble your attack.
You are engulfed in a cloud of scalding steam.
You die...

#.).)...............
#..÷########....#.##. #
###.#.# #.#..#
#...≈≈##########..# #.#
###..≈≈≈#≈≈≈≈≈≈≈##..#
#.##
#.....#≈#######≈##..#
#...
#.#..≈≈≈#≈≈≈≈≈≈≈≈#..#
#...
#.#..≈#≈#≈#########.#
#... . #.≈)≈≈#≈@r§≈#
#.####... #
#..≈#≈#≈#§#≈≈≈≈ #....'...
#..≈#≈#≈#§# ## ###.##...
#...#≈≈≈#≈≈ ##.##...
#...############ #..##...
##......#.#.##.###..##...
##.....)#...........#####
........)).#.........#
.###############.###.##
##


You could see a river rat (confused).

Vanquished Creatures
  2 orc wizards (D:3)
  8 adders
  A river rat (D:3)
  5 worms
  3 dart slugs (D:1)
  A leopard gecko (D:3)
  9 orcs (D:3)
  2 giant cockroaches
  5 goblins
  8 hobgoblins
  8 bats
  2 frilled lizards
  7 kobolds
  10 rats
71 creatures vanquished.

Notes
Turn   | Place    | Note
-------+----------+-------------------------------------------
     0 | Abyss:1  | Froggeryz the Demonspawn Abyssal Knight began the quest for
                  | the Orb.
     0 | Abyss:1  | Reached XP level 1. HP: 18/18 MP: 2/2
    55 | Abyss:1  | Noticed a thrashing horror
   136 | Abyss:1  | Noticed a neqoxec
   145 | Abyss:1  | Noticed a neqoxec
   148 | D:1      | Escaped the Abyss
   442 | D:1      | Gained mutation: You have large cloven feet. [demonic
                  | ancestry]
   442 | D:1      | Reached XP level 2. HP: 20/24 MP: 3/3
   453 | D:1      | Reached * piety under Lugonu
  1090 | D:2      | Reached XP level 3. HP: 9/29 MP: 4/4
  2039 | D:2      | Gained mutation: You are slightly more attuned to the
                  | shadows. [demonic ancestry]
  2039 | D:2      | Reached XP level 4. HP: 29/37 MP: 5/5
  2452 | D:3      | Reached ** piety under Lugonu
  2842 | D:3      | Reached XP level 5. HP: 3/42 MP: 6/6
  2843 | D:3      | Gained mutation: Your flesh is cold resistant. (rC+)
                  | [potion of mutation]
  2843 | D:3      | Gained mutation: Your magical capacity is low. (-10% MP)
                  | [potion of mutation]
  2843 | D:3      | Gained mutation: Your mind is acute. (Int +2) [potion of
                  | mutation]
  2843 | D:3      | Gained mutation: You are agile. (Dex +2) [potion of
                  | mutation]
  2843 | D:3      | HP: 2/42 [poisoned by an adder]
  3099 | D:3      | Engulfed by a cloud of steam

Skill      XL: |  1  2  3  4 |
---------------+-------------+-----
Polearms       | 2 3 4 |  4.6
Fighting       | 4 |  4.4
Armour         | |  1.7
Dodging        | |  0.8
Invocations    | |  2.4

Action                   |  1- 3 |  4- 6 || total
-------------------------+-------+-------++-------
Melee: Spear             |   114 |   155 ||   269
       Kick              |    15 |    36 ||    51
Invok: Depart the Abyss  |     1 |       ||     1
Evoke: Wand              |       |     2 ||     2
  Use: Potion            |       |     6 ||     6
 Stab: Sleeping          |     1 |     1 ||     2
       Distracted        |     1 |       ||     1
       Invisible         |       |     3 ||     3
       Confused          |       |     1 ||     1
  Eat: Chunk             |     3 |     4 ||     7
Armor: Leather armour    |    15 |    17 ||    32
Dodge: Dodged            |    48 |    39 ||    87
